Map: Frozen Temple

Players

Fropez - Winner!

  • Race: Protoss Protoss
  • League: Silver
  • Spawn Location: 11:00

churchillwin

  • Race: Zerg Zerg
  • League: Bronze
  • Spawn Location: 5:00

VOD

Have the link to the VOD?

Description

Time

  • Played on: June 20, 2016, 7:13 p.m.
  • Length: 6:08
Show
View Real Time Build Order
Export as new Build Order

Fropez Protoss - Winner!

Build Orders:  

Get SALT Encoding   

  12  0:13  Probe (Chrono Boost)  
  13  0:14  Pylon  
  13  0:23  Probe (Chrono Boost)  
  14  0:32  Gateway  
  14  0:40  Probe (Chrono Boost)  
  15  0:46  Assimilator  
  15  0:50  Probe (Chrono Boost)  
  16  1:01  Probe (Chrono Boost)  
  17  1:12  Gateway  
  17  1:13  Probe (Chrono Boost)  
  18  1:22  Pylon  
  18  1:25  Probe (Chrono Boost)  
  19  1:26  Assimilator  
  19  1:38  Pylon  
  18  1:40  Probe (Chrono Boost)  
  19  1:48  Cybernetics Core  
  19  1:54  Zealot (Chrono Boost)  
  23  2:02  Zealot (Chrono Boost)  
  21  2:25  Adept (Chrono Boost)  
  21  2:29  Adept (Chrono Boost)  
  25  2:30  Warp Gate (Chrono Boost)  
  25  2:33  Probe  
  26  2:45  Probe  
  27  2:58  Probe  
  28  3:01  Pylon  
  28  3:10  Probe  
  28  3:11  Adept  
  28  3:12  Pylon  
  31  3:19  Adept  
  33  3:23  Probe  
  33  3:26  Pylon  
  34  3:32  Pylon  
  34  3:48  Adept x2  
  34  3:52  Probe  
  35  4:10  Gateway  
  35  4:12  Gateway  
  35  4:37  Probe  
  32  5:04  Gateway  
  32  5:07  Adept x3  
  32  5:08  Adept  
  32  5:11  Probe  
  41  5:27  Nexus  
  39  5:52  Adept  
  39  5:53  Adept x3  
Show
View Real Time Build Order
Export as new Build Order

churchillwin Zerg 

Build Orders: Pool First 

Get SALT Encoding   

  12  0:19  Spawning Pool  
  11  0:22  Drone  
  12  0:32  Overlord  
  12  0:37  Drone  
  13  0:49  Drone  
  14  1:05  Drone  
  14  1:09  Zergling x4  
  17  1:14  Extractor  
  17  1:15  Queen  
  17  1:17  Extractor  
  17  1:39  Drone  
  19  1:40  Drone x2  
  20  2:02  Baneling Nest  
  19  2:19  Hatchery  
  18  2:32  Zergling x2  
  18  2:33  Zergling x6  
  22  2:50  Overlord  
  22  3:15  Baneling  
  22  3:16  Baneling  
  22  3:20  Zergling x8  
  22  3:21  Zergling x2  
  24  3:57  Lair  
  24  4:00  Zergling x8  
  28  4:08  Overlord  
  28  4:17  Baneling  
  28  4:18  Baneling x2  
  24  4:51  Zergling x4  
  24  4:52  Zergling x8  
  26  5:15  Drone x2  
  28  5:28  Baneling x3  
  28  5:29  Baneling  
  28  5:30  Baneling  
Tags
 
Matchup
PvZ
Opening
Pool First
Replay Pack
All Mines
Spawn Locations
Cross Positions
Add a new tag
Caveats
  • Supply blocks, unpowered buildings, or Contaminate may cause inaccurate times.
  • Supply counts are checked every 10 seconds.